 Dungeon Crawl Stone Soup version 0.31.0-10-gcf4a605ca0 (webtiles) character file.

Game seed: 17272828383876214403

188 Gadfly the Changeling (level 5, 0/38 HPs)
             Began as a Merfolk Shapeshifter on Jan 26, 2024.
             Slain by an orc wizard
             ... wielding a +0 dagger
              (3 damage)
             ... on level 3 of the Dungeon.
             The game lasted 00:04:04 (2586 turns).

Gadfly the Changeling (Merfolk Shapeshifter)        Turns: 2586, Time: 00:04:04

Health: 0/38       AC:  3    Str: 16    XL:     5   Next: 67%
Magic:  5/5        EV: 13    Int:  9    God:
Gold:   99         SH:  5    Dex: 14    Spells: 4/4 levels left

rFire   . . .        b - +1 dagger (venom)
rCold   . . .        (no shield)
rNeg    . . .        a - +0 animal skin
rPois   .            f - +0 helmet
rElec   .            (no cloak)
rCorr   .            (no gloves)
SInv    .            (no boots)
Will    .....        o - amulet of reflection
Stlth   +            (no ring)
HPRegen 0.26/turn    (no ring)
MPRegen 0.09/turn

%: reflection
@: no status effects
A: (nimble swimmer 2), mertail
a: no special abilities


You were on level 3 of the Dungeon.
You visited 1 branch of the dungeon, and saw 3 of its levels.

You collected 99 gold pieces.

Inventory:

Hand Weapons
 b - a +1 dagger of venom (weapon)
Armour
 a - a +0 animal skin (worn)
 f - a +0 helmet (worn)
Jewellery
 o - an amulet of reflection (around neck)
Talismans
 c - a beast talisman
 d - a flux talisman
Wands
 m - a wand of flame (7) (quivered)
Scrolls
 i - a scroll of teleportation
 k - a scroll of vulnerability
 l - a scroll of blinking
Potions
 g - a potion of cancellation
 h - a potion of attraction
 j - a potion of enlightenment {unknown}
 n - 2 potions of heal wounds {unknown}


   Skills:
 + Level 2.2 Fighting
 * Level 4.4 Dodging
 * Level 4.3 Unarmed Combat
 * Level 2.4 Evocations
 + Level 4.5 Shapeshifting


You had 4 spell levels left.
You didn't know any spells.
Your spell library contained the following spells:

 Spells                   Type           Power      Damage    Failure   Level
 Stone Arrow              Conj/Erth      0%         3d7       77%         3
 Animate Armour           Summ/Erth      0%         N/A       99%         4
 Lehudib's Crystal Spear  Conj/Erth      0%         10d2      100%        8


Dungeon Overview and Level Annotations

Branches:
Dungeon (3/15)

Altars:


Innate Abilities, Weirdness & Mutations

((You are very nimble when in or above water. (Stealth+, EV+, Speed+++)))
Your lower body shifts to a powerful aquatic tail in water.


Message History

You closely miss the orc. The orc barely misses you.
You hit the orc.
The orc is poisoned.
The orc is lightly wounded.
The orc hits you with a +0 war axe.
* * * LOW HITPOINT WARNING * * *
You hit the orc.
The orc looks even sicker.
The orc is heavily wounded.
The orc hits you with a +0 war axe!
* * * LOW HITPOINT WARNING * * *
You hit the orc.
You kill the orc!
You feel better. You block the orc's attack.
You hit the orc.
The orc is poisoned.
The orc is severely wounded.
You kill the orc!
You hit the orc but do no damage.
The orc is heavily wounded.
The orc completely misses you.
You hit the orc but do no damage.
The orc is poisoned.
The orc is heavily wounded.
You kill the orc!
You hit the rat.
You kill the rat!
You hit the orc but do no damage.
The orc is poisoned.
You block the orc's attack.
You barely miss the orc.
The orc hits you with a +1 mace of holy wrath.
* * * LOW HITPOINT WARNING * * *
You hit the orc but do no damage.
The orc looks as sick as possible!
The orc is heavily wounded.
You kill the orc!
You closely miss something. Something hits you.
* * * LOW HITPOINT WARNING * * *
You barely miss something. Something hits you.
* * * LOW HITPOINT WARNING * * *
You hit something but do no damage. Your punch misses something.
Something hits you.
* * * LOW HITPOINT WARNING * * *
You hit something but do no damage. Something hits you.
You die...

#.#.# ###.#####.#...# ###.#.#
#...[.....#.. #.#.#.####
#######.#...# #.†......#
#..####.#. #.....##.# #...# ####
#...#.##.# ###.#### #
#########.....##.#####......####
#..........##.##.......#.##.##..
...............{@...##..#.##.##.#
##.######......##.#.##..#........
r. #########.#.........^##.#
#.......#.......##.#
#.##......##....##..
#.##....####.####### #.##....#
#.# # #.##.)..####.### #
#.###.#.##.....# #


There were no monsters in sight!

Vanquished Creatures
  Natasha (D:3)
  An orc wizard (D:3)
  Terence (D:3)
  Robin (D:2)
  3 adders (D:2)
  2 ribbon worms (D:3)
  11 orcs (D:3)
  2 endoplasms
  A giant cockroach (D:3)
  10 goblins
  5 hobgoblins
  4 quokkas
  3 ball pythons
  A bat (D:1)
  7 frilled lizards
  4 kobolds
  8 rats
65 creatures vanquished.

Notes
Turn   | Place    | Note
-------+----------+-------------------------------------------
     0 | D:1      | Gadfly the Merfolk Shapeshifter began the quest for the
                  | Orb.
     0 | D:1      | Reached XP level 1. HP: 15/15 MP: 1/1
   286 | D:1      | Reached XP level 2. HP: 21/21 MP: 2/2
   747 | D:2      | Reached skill level 1 in Evocations
   747 | D:2      | Reached XP level 3. HP: 14/26 MP: 3/3
   982 | D:2      | Noticed Robin
  1008 | D:2      | Killed Robin
  1280 | D:2      | Reached XP level 4. HP: 28/33 MP: 4/4
  1864 | D:3      | Found a faded altar of an unknown god.
  2030 | D:3      | Noticed Terence
  2042 | D:3      | Killed Terence
  2043 | D:3      | Reached XP level 5. HP: 13/38 MP: 5/5
  2209 | D:3      | Noticed Natasha
  2214 | D:3      | Killed Natasha
  2573 | D:3      | HP: 1/38 [orc/+0 war axe (10)]
  2586 | D:3      | Slain by an orc wizard

Illustrated notes

Levels and vault maps discovered:
D:1:      lightli_arrival_lavapool, layout_basic, minmay_circled_x
D:2:      layout_loops_ring, minmay_tree_intersection,
          minmay_misc_feat_nine_boxes, uniq_robin
D:3:      minmay_spotlight, layout_loops_cross, lemuel_zombie_altar_yredelemnul,
          shapermc_ecumenical_altar_totnotflames, hex_tiny, uniq_grinder,
          uniq_natasha, uniq_terence

Skill      XL: |  1  2  3  4 |
---------------+-------------+-----
Dodging        | 3 4 |  4.4
Evocations     | 1 2 |  2.4
Unarmed Combat | 4 |  4.3
Fighting       | 2 |  2.2
Shapeshifting  | |  4.5

Action                     |  1- 3 |  4- 6 || total
---------------------------+-------+-------++-------
  Melee: Unarmed           |    96 |    35 ||   131
         Punch             |     1 |     4 ||     5
         Dagger            |       |    81 ||    81
Ability: Begin Untransform |     1 |     1 ||     2
    Use: Scroll            |     7 |     3 ||    10
         Potion            |     1 |     1 ||     2
   Stab: Sleeping          |       |     2 ||     2
 Armour: Animal skin       |    38 |    56 ||    94
         Skin              |    21 |       ||    21
  Dodge: Dodged            |    45 |    47 ||    92
  Block: Other             |       |     4 ||     4
   Form: Beast             |     1 |       ||     1
